Cogmind - Beta 16.1 @@@ ROGUE MODE // 2026.04.06 @ 21:58:23 Player: WitherScout Result: Self-destructed Performance ------------- Evolutions (2) 1000 Regions Visited (3) 600 Robots Destroyed (30) 150 Value Destroyed (1063) 1063 Prototype IDs (1) 20 Alien Tech Used (0) 0 Bonus (0) 0 TOTAL SCORE: 2833 Bonus ------- None Cogmind --------- Core Integrity 388/550 Matter 11/300 Energy 82/100 System Corruption 0% Temperature Cool (0) Movement Core (50) Location -8/Materials Parts ------- > --- POWER (1) -------- (None) > --- PROPULSION (4) --- (None) > --- UTILITY (4) ------ Small Storage Unit Weight Redist. System Signal Interpreter > --- WEAPON (2) ------- Minigun > --- INVENTORY (8) ---- Nuclear Core Light Nuclear Core Flight Unit Flight Unit Minigun Peak State ------------ > --- POWER ------------ Deuterium Engine > --- PROPULSION ------- Flight Unit Flight Unit Flight Unit Flight Unit > --- UTILITY ---------- Small Storage Unit Weight Redist. System Signal Interpreter Terrain Scanner > --- WEAPON ----------- Rocket Launcher Rocket Launcher > --- INVENTORY -------- Nuclear Core Light Nuclear Core Flight Unit Flight Unit Minigun Minigun Rocket Launcher Rocket Launcher [Rating: 17] Favorites ----------- Power Ion Engine Engine Ion Engine Power Core Light Nuclear Core Propulsion Flight Unit Wheel Wheel Flight Unit Flight Unit Utility Small Storage Unit Device Terrain Scanner Storage Small Storage Unit Processor Signal Interpreter Weapon Rocket Launcher Energy Gun Medium Laser Ballistic Gun Minigun Launcher Rocket Launcher Build | -11 -10 -9 -8 ------- Run | Yrd Mat Mat Mat Slots Evolved 4 | . . 2 2 Power . | . . . . Propulsion 2 | . . . 2 Utility 2 | . . 2 . Weapon . | . . . . Parts Attached 31 | 6 7 9 9 Power 5 | 1 1 2 1 Engine 4 | 1 . 2 1 Core 1 | . 1 . . Reactor . | . . . . Propulsion 9 | 2 . 3 4 Treads . | . . . . Leg . | . . . . Wheel 3 | 2 . 1 . Hover . | . . . . Flight 6 | . . 2 4 Utility 6 | 1 3 2 . Device 4 | . 3 1 . Storage 1 | 1 . . . Processor 1 | . . 1 . Hackware . | . . . . Protection . | . . . . Artifact . | . . . . Weapon 11 | 2 3 2 4 Energy Gun 4 | 2 2 . . Energy Cannon . | . . . . Ballistic Gun 1 | . . . 1 Ballistic Cannon . | . . . . Launcher 6 | . 1 2 3 Special Weapon . | . . . . Impact Weapon . | . . . . Slashing Weapon . | . . . . Piercing Weapon . | . . . . Special Melee Weapon . | . . . . Unidentified Prototypes 1 | . . 1 . Parts Lost 16 | . 2 3 11 Power 3 | . 1 1 1 Propulsion 6 | . . 1 5 Utility 1 | . . . 1 Weapon 6 | . 1 1 4 Highest Loss Streak 10 | . 2 2 10 To Critical Strikes . | . . . . Average Backups 6 | . 5 7 6 Power 1 | . 1 . 1 Propulsion 1 | . . 2 1 Utility 1 | . 1 2 . Weapon 2 | . 2 2 2 Tool/Special . | . . . . Unused Backups 12 | . . 6 6 Power 2 | . . . 2 Propulsion 5 | . . 3 2 Utility 3 | . . 2 1 Weapon 2 | . . 1 1 Tool/Special . | . . . . Average Slot Usage (%) 91 | . 92 92 87 Engine 6 | . 10 1 8 Core 3 | . 2 8 . Wheel 13 | . 28 7 . Flight 12 | . . 13 29 Device 15 | . 8 21 17 Storage 11 | . 14 11 9 Processor 6 | . . 11 9 Energy Gun 10 | . 22 6 . Launcher 9 | . 4 10 14 Peak Build Rating 17 | 6 9 14 17 Average Rating 10 | 4 7 12 13 On Entrance 6 | . 6 9 11 Avg Prop Armor Cover (%) 3 | . . 3 . Naked Turns . | . . . . Heaviest Build 23 | 12 16 18 23 Greatest Support 26 | 26 26 26 26 Greatest Overweight (x) 1 | . . 1 . Average Overweight (x) . | . . . . Largest Inventory Capacity 8 | 8 8 8 8 Average Capacity 7 | 7 8 8 8 Most Carried 8 | 1 8 8 8 Average Carried 6 | . 5 7 6 Final Capacity 8 | 8 8 8 8 Final Carried 8 | 1 8 8 5 Class Distribution -------------------- 83% | Mutant 16% | Sprinter Dominant Class ---------------- Mutant | -10/Materials Mutant | -9/Materials Sprinter | -8/Materials Resources | -11 -10 -9 -8 ----------- Run | Yrd Mat Mat Mat Matter Collected 595 | 163 152 202 78 Remotely . | . . . . Salvage Created 767 | . 235 299 233 Parts 44 | . 10 25 9 Haulers Intercepted . | . . . . Recyclers Shooed . | . . . . Parts Field Recycled . | . . . . Retrieved Matter . | . . . . Parts Self-Destructed . | . . . . Prevented . | . . . . Parts Restored . | . . . . Kills | -11 -10 -9 -8 ------- Run | Yrd Mat Mat Mat Combat Hostiles Destroyed 25 | . 7 10 8 Guns 4 | . 3 . 1 AOE 19 | . 2 10 7 Classes Destroyed 7 | . 1 5 1 Worker 2 | . . 2 . Tunneler 1 | . . 1 . Operator 1 | . . 1 . Watcher 1 | . . . 1 Grunt 21 | . 7 8 6 Duelist 1 | . . 1 . Sentry 3 | . . 1 2 Best Kill Streak 5 | . 3 5 5 Combat Bots Only 4 | . 3 4 4 Max Kills in Single Turn 3 | . 1 3 1 Gunslinging . | . . . . Exploded 2 | . 1 2 1 Melee . | . . . . Uniques/NPCs Destroyed . | . . . . Combat | -11 -10 -9 -8 -------- Run | Yrd Mat Mat Mat Hostile Shots Fired 138 | . 35 26 77 Missed 47 | . 7 9 31 Hits 91 | . 28 17 46 Projectile 91 | . 28 17 46 Critical Strikes 7 | . . . 7 Damage Taken 1368 | . 350 267 751 Core 307 | . 80 65 162 Absorbed by Shields . | . . . . Regen/Repaired (Parts) 14 | . . . 14 Core Remaining (%) 83 | 100 68 83 . Volleys Fired 60 | . 29 12 19 Largest 2 | . 2 2 1 Hottest 100 | . 100 83 33 Shots Fired 86 | . 47 20 19 Gun 50 | . 41 8 1 Cannon . | . . . . Launcher 36 | . 6 12 18 Special . | . . . . Kinetic 1 | . . . 1 Thermal 49 | . 41 8 . Explosive 36 | . 6 12 18 Electromagnetic . | . . . . Robot Hit Streak 11 | . 8 11 8 Robot Miss Streak 4 | . 4 1 2 Penetration Max . | . . . . Secondary Targets . | . . . . Shots Hit Robots 59 | . 28 16 15 Core Hits 52 | . 13 18 21 Critical Kills . | . . . . Critical Parts Destroyed . | . . . . Critical Strikes 7 | . 4 3 . Burn 7 | . 4 3 . Melee Attacks . | . . . . Impact . | . . . . Slashing . | . . . . Piercing . | . . . . Sneak Attacks . | . . . . Combat Hostiles . | . . . . Follow-up Attacks . | . . . . Damage Inflicted 2410 | . 649 993 768 Guns 420 | . 319 87 14 Cannons . | . . . . Explosions 1990 | . 330 906 754 Melee . | . . . . Ramming . | . . . . Kinetic 14 | . . . 14 Thermal 406 | . 319 87 . Explosive 1990 | . 330 906 754 Electromagnetic . | . . . . Impact . | . . . . Slashing . | . . . . Piercing . | . . . . Highest Corruption . | . . . . Average Corruption . | . . . . Corruption Purged . | . . . . Corruption Blocked . | . . . . Overload Shots . | . . . . Overflow Damage 55 | . . 30 25 Projectiles . | . . . . Explosions 55 | . . 30 25 Melee . | . . . . Knockbacks . | . . . . Impact . | . . . . Kinetic . | . . . . Secondary . | . . . . Self-Inflicted Damage 129 | . 23 49 57 Shots 5 | . 1 2 2 Rammed . | . . . . Targets Rammed . | . . . . Kicked . | . . . . Crushed . | . . . . Highest Temperature 499 | . 499 20 22 Average Temperature 124 | . 163 10 5 Received Heat Transfer 630 | . 180 108 342 Effects 3 | . 3 . . Shutdowns 1 | . 1 . . Damage (minor) 1 | . 1 . . Damage (major) 1 | . 1 . . Siege Activations . | . . . . Martial Activations . | . . . . Shielding Activations . | . . . . Robots Disrupted . | . . . . Combat Hostiles . | . . . . Robots Corrupted . | . . . . Combat Hostiles . | . . . . Parts Fried . | . . . . Impact Corruptions . | . . . . Robots Melted 2 | . 2 . . Combat Hostiles 2 | . 2 . . Parts Melted 8 | . 5 2 1 Heat Transferred 1703 | . 1222 481 . Parts Sabotaged . | . . . . Parts Stolen . | . . . . Parts Stripped . | . . . . Power Chain Reactions . | . . . . Alert | -11 -10 -9 -8 ------- Run | Yrd Mat Mat Mat Maximum Alert Level 1 | . . 1 . Low Security (%) 91 | 100 100 72 100 Level 1 8 | . . 27 . Level 2 . | . . . . Level 3 . | . . . . Level 4 . | . . . . Level 5 . | . . . . High Security . | . . . . Max Security . | . . . . Peak Influence 226 | . 89 226 188 Initial 86 | . . 16 86 Average 82 | . 33 139 91 Influence Increases 912 | . 203 365 344 Destroy 0b10 Robot/C 500 | . 140 200 160 Destroy 0b10 Robot/NC 25 | . . 20 5 Destroy Leader 122 | . 40 40 42 Successful Hack 14 | . 4 4 6 Disable Machine 15 | . . 15 . Destroy Structure 191 | . 19 71 101 Partial Spotted 45 | . . 15 30 Influence Decreases 843 | . 164 199 480 Entered New Map 142 | . . 23 119 Time Decay 390 | . 110 150 130 Lost Part 156 | . 20 26 110 Purge Threat 155 | . 34 . 121 Squads Dispatched 5 | . 3 1 1 Investigation 3 | . 1 1 1 Extermination . | . . . . Reinforcement 2 | . 2 . . Assault . | . . . . Garrison . | . . . . Intercept . | . . . . Searches Triggered . | . . . . Construction Impeded . | . . . . Haulers Reinforced . | . . . . Active Scanning Responses . | . . . . Cargo Convoy Interrupts . | . . . . Stealth | -11 -10 -9 -8 --------- Run | Yrd Mat Mat Mat Distress Signals 1 | . . . 1 Communications Jammed . | . . . . Distress Signals . | . . . . Times Spotted 35 | . 12 12 11 Peak Tracking Total 6 | . 5 3 6 Tactical Retreats . | . . . . Traps | -11 -10 -9 -8 ------- Run | Yrd Mat Mat Mat Traps Triggered 2 | . 1 1 . Indirectly . | . . . . Trap Hack Attempts . | . . . . Triggered . | . . . . Disarmed . | . . . . Reprogrammed . | . . . . Reused . | . . . . Traps Extracted . | . . . . Installed . | . . . . Triggered . | . . . . Machines | -11 -10 -9 -8 ---------- Run | Yrd Mat Mat Mat Machines Disabled 1 | . . 1 . Max in Single Turn 1 | . . 1 . Machines Repaired . | . . . . Machines Dismantled . | . . . . Machines Sabotaged . | . . . . Overloaded Fab Kills . | . . . . Hacking | -11 -10 -9 -8 --------- Run | Yrd Mat Mat Mat Machines Accessed 9 | . 3 3 3 Terminals 3 | . 2 . 1 Fabricators . | . . . . Repair Stations 1 | . . . 1 Recycling Units 3 | . 1 1 1 Scanalyzers 2 | . . 2 . Garrison Access . | . . . . Total Hacks 30 | . 8 13 9 Successful 20 | . 4 10 6 Failed 10 | . 4 3 3 Catastrophic 1 | . 1 . . Database Lockouts . | . . . . Manual 2 | . 1 . 1 Terminals 9 | . 6 . 3 Fabricators . | . . . . Repair Stations 3 | . . . 3 Recycling Units 7 | . 2 2 3 Scanalyzers 11 | . . 11 . Garrison Access . | . . . . Terminal Hacks 6 | . 3 . 3 Unreport Threat 2 | . 1 . 1 Locate Traps 1 | . 1 . . Recall Investigation 1 | . . . 1 Zone Layout 2 | . 1 . 1 Fabricator Hacks . | . . . . Repair Station Hacks 2 | . . . 2 Scan Component 1 | . . . 1 Repair 1 | . . . 1 Recycling Unit Hacks 3 | . 1 1 1 Report Inventory 3 | . 1 1 1 Scanalyzer 9 | . . 9 . Insert Component 3 | . . 3 . Analyze 3 | . . 3 . Retrieve Study 3 | . . 3 . Garrison Access Hacks . | . . . . Unauthorized Hacks . | . . . . Terminals . | . . . . Fabricators . | . . . . Repair Stations . | . . . . Recycling Units . | . . . . Scanalyzers . | . . . . Garrison Access . | . . . . Data Cores Recovered . | . . . . Used . | . . . . Hacking Detections 7 | . 3 2 2 Full Trace Events 2 | . . 1 1 Feedback Events . | . . . . Feedback Blocked . | . . . . Robot Schematics Acquired . | . . . . Robots Built . | . . . . Authchips . | . . . . Time . | . . . . Total Robot Build Rating . | . . . . Part Schematics Acquired 3 | . . 3 . Parts Built . | . . . . Authchips . | . . . . Time . | . . . . Total Part Build Rating . | . . . . Part Studies Acquired 3 | . . 3 . Parts Repaired 1 | . . . 1 Time 32 | . . . 32 Parts Recycled . | . . . . Recycled Matter . | . . . . Retrieved Matter . | . . . . Retrieved Components . | . . . . Parts Scanalyzed 3 | . . 3 . Part Schematics Acquired 3 | . . 3 . Parts Damaged . | . . . . Bothacking | -11 -10 -9 -8 ------------ Run | Yrd Mat Mat Mat Used RIF Installer . | . . . . Robots Hacked . | . . . . Non-combat . | . . . . Combat . | . . . . Robot Hacks Applied . | . . . . Relay Couplers Released . | . . . . Fabnet Peak Effective % . | . . . . Robots Rewired . | . . . . Allies Hacked . | . . . . Hacks Repelled . | . . . . Allies | -11 -10 -9 -8 -------- Run | Yrd Mat Mat Mat Total Allies . | . . . . Largest Group . | . . . . Highest-Rated Group . | . . . . Highest-Rated Ally . | . . . . Total Orders . | . . . . Ally Attacks . | . . . . Total Damage . | . . . . Kills . | . . . . Allies Corrupted . | . . . . Allies Melted . | . . . . Intel | -11 -10 -9 -8 ------- Run | Yrd Mat Mat Mat Active Infowar (turns) 772 | . 204 309 259 Terrain 772 | . 204 309 259 Robot Analysis Total . | . . . . Derelict Logs Recovered . | . . . . Drone Launches . | . . . . Drone Recoveries . | . . . . Exploration | -11 -10 -9 -8 ------------- Run | Yrd Mat Mat Mat Turns Passed 967 | 46 346 313 262 Spaces Moved 988 | 41 244 440 263 Core 1 | 1 . . . Treads . | . . . . Legs . | . . . . Wheels 421 | 40 244 137 . Hover . | . . . . Flight 566 | . . 303 263 Fastest Speed 31 | 50 90 37 31 Average Speed 58 | 89 90 54 31 Slowest Speed 100 | 100 90 95 37 Overloaded Moves . | . . . . Propulsion Burnouts . | . . . . Robots Hopped 7 | . . . 7 Potential Cave-ins . | . . . . Cave-ins Triggered . | . . . . Exploration Rate (%) 28 | 3 52 31 28 Regions Visited 3 Branch Regions . Pre-discovered Areas . | . . . . Known Exits Taken 1 | . . 1 . Unknown Exits Taken 2 | 1 1 . . Scrap Searched . | . . . . Spaces Dug . | . . . . Terrain Destroyed 231 | . 20 90 121 Melee . | . . . . Projectile . | . . . . AOE 231 | . 20 90 121 Terrain Rammed . | . . . . Walls Destroyed . | . . . . Machines Disabled . | . . . . Actions | -11 -10 -9 -8 --------- Run | Yrd Mat Mat Mat Total 1285 | 47 320 501 417 Wait 157 | . 29 4 124 Move 971 | 40 243 439 249 Hop 7 | . . . 7 Pick Up 31 | 1 9 16 5 Fast Attach 11 | 6 1 3 1 Attach 16 | . 2 7 7 Detach 2 | . . 2 . Swap 10 | . 6 2 2 Drop 20 | . 1 16 3 Fire 60 | . 29 12 19 Melee . | . . . . Ram . | . . . . Kick . | . . . . Crush . | . . . . Escape Stasis . | . . . . Rewire . | . . . . Trap . | . . . . Miscellaneous . | . . . . Route ------- -11/Scrapyard -10/Materials -9/Materials -8/Materials History --------- Turn | Location | Event 12 | -11/Scrapyard | Discovered new exit (range 15) 47 | -11/Scrapyard | Entered Materials 272 | -10/Materials | Discovered new exit (range 16) 313 | -10/Materials | Build established: Mutant 393 | -10/Materials | Entered another Materials area 393 | -9/Materials | Evolved 2 slots: Utility x2 705 | -9/Materials | Discovered new exit (range 4) 706 | -9/Materials | Identified exit to Materials 706 | -9/Materials | Entered another Materials area 706 | -8/Materials | Evolved 2 slots: Propulsion x2 774 | -8/Materials | Repaired Weight Redist. System 968 | -8/Materials | Self-destructed Last Messages --------------- 00913_ U-05 Engineer builds a Wall. 00915_ The unstable cave ceiling collapses. 00915_ Rocket Launcher+ destroyed. 00915_ Critical hit (Burn: +37). 00932_ Rocket Launcher+ destroyed. 00935_ Deuterium Engine destroyed. 00935_ Critical hit (Burn: +37). 00935_ Flight Unit+ destroyed. 00945_ The unstable cave ceiling collapses. 00950_ Flight Unit+ destroyed. 00953_ The unstable cave ceiling collapses. 00954_ U-05 Engineer builds a Wall. 00957_ The unstable cave ceiling collapses. 00959_ Critical hit (Burn: +37). 00959_ U-05 Engineer builds a Wall. 00964_ U-05 Engineer lays Concrete. 00965_ Terrain Scanner destroyed. 00965_ U-05 Engineer builds a Wall. 00966_ The unstable cave ceiling collapses. 00966_ Y-45 Defender destroyed. Map ----- +----------------------------------------------------+ | ????????????# # """ # #! | | ????????????####### # #########+ ## ##### | | ??????????????????# ! """ # #???# """ """ # #???? | | ??????????????????# """ # #???# """ """ # #???? | | ????############### """ # #???# """ """ # #???? | | ??## # + # #???# # #???? | | ??# "" # #####+######## #???# # ???? | | ???# ""S # #?# #????# #???# # ???? | | ???# "" # ### ###### #???#! "Y" # ?? | | ???# / T #???# """ # ???? | | ???# ! # # ########???#############???? | | ???######## # #??????????????????????????? | | ?? #??# ########?#?#?????????????????????? | | ?? #??# #????????????????????????????????? | | ??? " #??# ##???????????????????????????????? | | #### ####??#???????????#??????????????? | | ?# #??########??###??????????????? | | ???# #######+##### #??# ! #??# ??????????????? | | ???# #?# #?# #??# #### ?? ???????????? | | ???# #?# * #?# #??# " + ??????????????? | | ?### ### ### #### T #+###+??????????????? | | ## # # = [ ## # " # ??????????????? | | # # # # # """ ????????????? | | # ####/# # ##### "T" ?????????????? | | = # # # # #### ??????????????? | | [ u [ @ +???????????????????? | | # # # # ###?? ????????????????? | | = #+### ##?? ??????????????????? | | !! #?????????????????????? | | ## # !### !###????????????????????? | | ?###### #?##! #??????????????????????? | | ????#??# #??# "T" #???#??????????????????? | | ???????# #??# """ #?????????#????????????? | | ???????#########??#########??????????????????????? | | | | | | | | | | | | | | | | | | | | | | | | | | | | | | | | | +----------------------------------------------------+ Best States ------------- Heat Dissipation 38 Energy Generation 14 Energy Capacity 275 Matter Stores 300 Matter Capacity 300 Sight Range 16 Terrain Scan Range 14 Terrain Scan Density 10 Additional Mass Support 6 Evasion (%) 63 Item Schematics ----------------- Med. Armor Plating | -9/Materials | Scanalyzed Flight Unit | -9/Materials | Scanalyzed Rocket Launcher | -9/Materials | Scanalyzed Robot Schematics ------------------ None Fabricated ------------ Nothing Repaired ---------- Weight Redist. System | 36% | -8/Materials Studied --------- Rocket Launcher | -9/Materials | Hacked Flight Unit | -9/Materials | Hacked Ion Engine | -9/Materials | Hacked Alien Tech Used ----------------- None Achievements -------------- None Challenges ------------ None Game ------ Seed IntegrityHackingForcewell Manual? 0 Play Time 00:26:24 Cumulative 59.4 hours Start 2026.04.06 @ 21:30:56 End 2026.04.06 @ 21:58:23 Sessions 1 Manual Loads 0 Difficulty Rogue Special Mode None Game No. 96 Rogue 96 Adventurer 0 Explorer 0 Win Type - Total 0 Types 0/0/0/0/0/0/0/0/0/0 Lore% 15 Gallery% 30 Achievement% 21 Wizard Run 0 Options --------- Layout 1 ASCII 1 Keyboard 0 Movement Mouse Keybinds 0 Fullscreen 1 Font 24/Cog Map View 50x35 Zoom Use 0% Tactical HUD 1 Map Filters NONE Filters NONE Steam 0 RUN: 3eeac5fb-be29-410a-989d-4fa7e1f5b377